 Dungeon Crawl Stone Soup version 0.22.0-36-g8e74550 (webtiles) character file.

49 Lew the Skirmisher (level 3, 0/35 HPs)
             Began as a Gnoll Abyssal Knight on Aug 24, 2018.
             Was a Follower of Lugonu.
             Slain by Crazy Yiuf
             ... wielding a +3 quarterstaff of chaos
              (5 damage)
             ... on level 2 of the Dungeon.
             The game lasted 00:04:17 (1654 turns).

Lew the Skirmisher (Gnoll Abyssal Knight)           Turns: 1654, Time: 00:04:18

Health: 0/35       AC:  8    Str: 19    XL:     3   Next: 75%
Magic:  6/6        EV:  2    Int: 14    God:    Lugonu [*.....]
Gold:   196        SH:  0    Dex: 14    Spells: 3/3 levels left

rFire    + + .     SeeInvis .   a - +2 falchion
rCold    + + .     Gourm    .   (no shield)
rNeg     + + +     Faith    .   e - +0 scale mail
rPois    ∞         Spirit   .   i - +0 helmet
rElec    +         Reflect  .   (no cloak)
rCorr    +         Harm     .   (no gloves)
MR       .....                  (no boots)
Stlth    ..........             (no amulet)
HPRegen  0.11/turn              h - ring "Woedu" {rPois rF+ rC+ Str+4}
MPRegen  0.10/turn              (no ring)

@: resistant, petrified, slowed
A: distributed training, fangs 1, strong nose
a: Depart the Abyss, Renounce Religion


You were on level 2 of the Dungeon.
You worshipped Lugonu.
Lugonu was aware of your devotion.
You were not hungry.

You visited 1 branch of the dungeon, and saw 2 of its levels.
You visited the Abyss 1 time.

You collected 196 gold pieces.

Inventory:

Hand Weapons
 a - a +2 falchion (weapon)
Missiles
 p - 5 poisoned tomahawks (quivered)
Armour
 e - a +0 scale mail (worn)
 i - a +0 helmet (worn)
Jewellery
 h - the ring "Woedu" (left hand) {rPois rF+ rC+ Str+4}
   (You found it on level 2 of the Abyss)

   [ring of poison resistance]

   It affects your strength (+4).
   It protects you from fire.
   It protects you from cold.
   It protects you from poison.
Wands
 g - a wand of acid (4)
Scrolls
 b - 2 scrolls of remove curse {unknown}
 f - 4 scrolls of teleportation {unknown}
 k - a scroll of identify {unknown}
 l - a scroll of fog {unknown}
 m - a scroll of enchant armour {unknown}
 n - a scroll of enchant weapon
Potions
 d - a potion of curing
 j - a potion of resistance


   Skills:
 + Level 6.5 Fighting
 + Level 0.9 Short Blades
 + Level 4.5 Long Blades
 + Level 0.9 Axes
 + Level 0.9 Maces & Flails
 + Level 0.9 Polearms
 + Level 0.9 Staves
 + Level 0.9 Slings
 + Level 0.9 Bows
 + Level 0.9 Crossbows
 + Level 0.9 Throwing
 + Level 4.5 Armour
 + Level 2.6 Dodging
 + Level 0.9 Stealth
 + Level 0.9 Shields
 + Level 0.9 Unarmed Combat
 + Level 0.9 Spellcasting
 + Level 0.6 Conjurations
 + Level 0.6 Hexes
 + Level 0.6 Charms
 + Level 0.6 Summonings
 + Level 0.6 Necromancy
 + Level 0.6 Translocations
 + Level 0.6 Transmutations
 + Level 0.6 Fire Magic
 + Level 0.6 Ice Magic
 + Level 0.6 Air Magic
 + Level 0.6 Earth Magic
 + Level 0.6 Poison Magic
 + Level 4.6 Invocations
 + Level 0.9 Evocations


You had 3 spell levels left.
You didn't know any spells.
Your spell library was empty.

Dungeon Overview and Level Annotations

Branches:
Dungeon (2/15)

Altars:

Annotations:
D:2 Crazy Yiuf


Innate Abilities, Weirdness & Mutations

Your experience applies equally to all skills.
You have very sharp teeth.
Your uncanny sense of smell can sniff out nearby items.


Message History

You hit Crazy Yiuf.
Crazy Yiuf is heavily wounded.
Crazy Yiuf hits you with a quarterstaff of chaos.
You have turned to stone.
Crazy Yiuf hits you with a quarterstaff of chaos.
Crazy Yiuf freezes you.
Crazy Yiuf hits you with a quarterstaff of chaos. x2
Crazy Yiuf burns you.
Crazy Yiuf hits you with a quarterstaff of chaos!
* * * LOW HITPOINT WARNING * * *
You feel yourself slow down.
Crazy Yiuf screams, "Nubble!"
Crazy Yiuf hits you but does no damage.
Crazy Yiuf hits you with a quarterstaff of chaos!
* * * LOW HITPOINT WARNING * * *
Crazy Yiuf freezes you. Crazy Yiuf hits you but does no damage.
You feel as though you will be slow longer.
Crazy Yiuf hits you with a quarterstaff of chaos!
You die...

∆ #####
#)..# #...#
#.g.#
###########
#@#
..........#
#.##
.#.######.##
##.# .#.#
#....# #.##
##.# #.#.##
##.# ...#
#.#.## ##.##
#### #.#..#
##P#.# ####
#....#
#PPP.# ...#
#....#
#....#


You could see Crazy Yiuf.

Vanquished Creatures
  Robin (D:2)
  An adder (D:2)
  A dart slug (D:1)
  3 hobgoblins (D:2)
  4 jackals (D:1)
  A quokka (D:2)
  A ball python (D:1)
  A bat (D:2)
  A frilled lizard (D:1)
  7 goblins
  3 kobolds
  2 rats (D:1)
  A fungus (D:2)
27 creatures vanquished.

Notes
Turn   | Place    | Note
-------+----------+-------------------------------------------
     0 | Abyss:1  | Lew the Gnoll Abyssal Knight began the quest for the Orb.
     0 | Abyss:1  | Reached XP level 1. HP: 23/23 MP: 3/3
    39 | Abyss:2  | Noticed a wretched star
   115 | Abyss:2  | Noticed an ancient zyme
   120 | Abyss:2  | Noticed a small abomination
   135 | Abyss:2  | Got a wavering marble ring
   136 | D:1      | Escaped the Abyss
   137 | D:1      | Identified the ring "Woedu" {rPois rF+ rC+ Str+4} (You found it on level 2 of the Abyss)
   425 | D:1      | Reached XP level 2. HP: 27/29 MP: 5/5
   466 | D:1      | You fall through a shaft!
   487 | D:2      | Reached * piety under Lugonu
   496 | D:2      | Noticed Robin
   512 | D:2      | Killed Robin
   512 | D:2      | Reached XP level 3. HP: 21/35 MP: 6/6
  1625 | D:2      | Found a runed door.
  1636 | D:2      | Noticed Crazy Yiuf
  1654 | D:2      | Slain by Crazy Yiuf

Action                   || total
-------------------------++-------
Melee: Falchion          ||    75
       Bite              ||    10
Invok: Depart the Abyss  ||     1
  Use: Potion            ||     4
       Scroll            ||     1
  Eat: Ration            ||     1
Armor: Scale mail        ||    23
Dodge: Dodged            ||    35
       Rpst.: Falchion   ||    11
